AoeStats
← Torment4h

Arabia

506262465Analyzed
1v1 RM · 19d ago on Sep 12, 2026· 57m 41s· 2 players
Game mode
Random Map
Map size
Tiny (2 player)
Population
200
Speed
Normal
Resources
Standard
Victory
Conquest
Starting age
Dark Age
Ending age
Imperial Age
RankedLock teamsTeams togetherTeam positionsShared explorationLock speedFull tech treeHidden civsTurbo modeCheats
Victory
Defeat
🇲🇽 Mongols · Mexico
858
+46
🇹🇷 Goths · Türkiye
876
-43
Torment4h
4:21 Loom
10:16 Feudal Age
12:35 Double-Bit Axe
20:02 Castle Age
17:55 Horse Collar
19:04 Gold Mining
19:05 Stone Mining
19:59 Scale Barding Armor
19:55 Scale Mail Armor
20:55 Bloodlines
22:38 Bow Saw
26:01 Husbandry
26:34 Squires
26:53 Light Cavalry
33:27 Wheelbarrow
35:58 Hand Cart
35:29 Town Watch
40:51 Imperial Age
39:14 Town Patrol
39:35 Heavy Plow
40:18 Gold Shaft Mining
40:18 Stone Shaft Mining
41:03 Elite Steppe Lancer
51:13 Capped Ram
52:45 Siege Ram
54:22 Hussar
Bishop
0:37 Loom
11:03 Feudal Age
12:24 Wheelbarrow
12:06 Horse Collar
12:45 Double-Bit Axe
22:46 Castle Age
25:15 Hand Cart
33:40 Town Watch
34:21 Fletching
38:31 Squires
41:07 Imperial Age
42:00 Murder Holes
43:48 Bodkin Arrow
45:35 Anarchy
47:04 Pikeman
Connection lost

Rejoining the realm…

Still unreachable

The connection could not be restored.

Session expired

The server has moved on; the page needs a fresh start.